 Dungeon Crawl Stone Soup version 0.17.1-3-g152610e (webtiles) character file.

8394 Jerry the Zephyrmancer (level 11, -2/74 HPs)
             Began as a Black Draconian Air Elementalist on Mar 28, 2016.
             Was a Believer of Vehumet.
             Slain by a komodo dragon (10 damage)
             ... on level 1 of the Lair of Beasts.
             The game lasted 02:07:30 (13691 turns).

Jerry the Zephyrmancer (DrAE)                      Turns: 13691, Time: 02:07:30

Health: -2/74      AC: 19    Str: 16    XL:     11   Next: 9%
Magic:  17/20      EV:  6    Int: 21    God:    Vehumet [**....]
Gold:   681        SH: 16    Dex: 12    Spells: 5 memorised, 10 levels left

rFire  . . .     SeeInvis .     y - +2 flail (protect)
rCold  . . .     Clarity  .     (armour unavailable)
rNeg   . . .     SustAt   .     P - +5 shield of Cocytus {MR- Str+6 Int+2}
rPois  .         Gourm    .     (helmet restricted)
rElec  +         Spirit   .     s - +1 cloak
rCorr  .         Warding  .     (no gloves)
rMut   .         Stasis   +     D - +0 pair of boots
MR     .....                    z - amulet of stasis
Stlth  ++........               (no ring)
                                c - +4 ring of protection

@: not resistant to hostile enchantments, unstealthy
A: breathe lightning, unfitting armour, electricity resistance, cold-blooded, AC
+7
a: Breathe Lightning, Renounce Religion


You were on level 1 of the Lair of Beasts.
You worshipped Vehumet.
Vehumet was pleased with you.
You were not hungry.

You visited 3 branches of the dungeon, and saw 12 of its levels.

You collected 681 gold pieces.

Inventory:

Hand Weapons
 i - a +3 dagger of electrocution
 y - a +2 flail of protection (weapon)
Armour
 s - a +1 cloak (worn)
 D - a +0 pair of boots (worn)
 P - the +5 shield of Cocytus (worn) {MR- Str+6 Int+2}
   (You took it off Urug on level 10 of the Dungeon)

   It affects your strength (+6).
   It affects your intelligence (+2).
   It affects your resistance to hostile enchantments.
Jewellery
 c - a +4 ring of protection (left hand)
 f - an uncursed amulet of warding
 x - an uncursed ring of fire
 z - an amulet of stasis (around neck)
 B - an uncursed amulet of resist corrosion
 H - an uncursed amulet of resist mutation
Wands
 o - a wand of digging (4)
 G - a wand of enslavement (11)
 M - a wand of random effects (21)
Scrolls
 e - a scroll of amnesia
 g - 2 scrolls of noise
 h - 4 scrolls of immolation
 n - 5 scrolls of remove curse
 E - 3 scrolls of identify
 I - a scroll of teleportation
 J - 2 scrolls of recharging {unknown}
 N - a scroll of silence {unknown}
 O - a scroll of fog {unknown}
Potions
 d - a potion of curing
 j - 2 potions of brilliance
 m - 2 potions of degeneration {unknown}
 p - a potion of resistance {unknown}
 u - 2 potions of haste {unknown}
 v - a potion of heal wounds {unknown}
 w - a potion of poison {unknown}
 A - a potion of invisibility {unknown}
 C - 2 potions of agility
 F - a potion of might {unknown}
Books
 a - a book of Air

   Spells                             Type                      Level
   a - Shock                          Conjuration/Air              1
   b - Swiftness                      Charms/Air                   2
   c - Repel Missiles                 Charms/Air                   2
   d - Static Discharge               Conjuration/Air              3
   e - Lightning Bolt                 Conjuration/Air              5
 K - a book of Alchemy

   Spells                             Type                      Level
   a - Sublimation of Blood           Necromancy                   2
   b - Ignite Poison                  Fire/Transmutation/Poison    3
   c - Alistair's Intoxication        Transmutation/Poison         4
   d - Condensation Shield            Ice                          4
   e - Petrify                        Transmutation/Earth          4
   f - Irradiate                      Conjuration/Transmutation    5
Comestibles
 b - 5 bread rations
 k - 6 meat rations
 q - 4 beef jerkies
 r - a fruit
 t - a royal jelly
 L - a chunk of flesh


   Skills:
 - Level 1.7 Dodging
 - Level 1.7 Stealth
 + Level 9.5 Shields
 - Level 6.1 Spellcasting
 + Level 9.7 Conjurations
 - Level 1.2 Fire Magic
 - Level 10.6 Air Magic


You had 10 spell levels left.
You knew the following spells:

 Your Spells              Type           Power        Failure   Level  Hunger
a - Shock                 Conj/Air       ####         1%          1    None
b - Lightning Bolt        Conj/Air       #####.....   10%         5    #####..
c - Swiftness             Chrm/Air       ####....     3%          2    None
d - Repel Missiles        Chrm/Air       ####..       3%          2    None
e - Throw Flame           Conj/Fire      ####..       2%          2    None


Dungeon Overview and Level Annotations

Branches:
Dungeon (10/15)            Temple (1/1) D:4            Lair (1/8) D:9
    Orc (0/4) D:9

Altars:
Ashenzari
Cheibriados
Dithmenos
Elyvilon
Fedhas
Gozag
Kikubaaqudgha
Makhleb
Nemelex Xobeh
Okawaru
Qazlal
Ru
Sif Muna
Trog
Vehumet
Xom
Yredelemnul
Zin
The Shining One
Beogh

Shops:
D:5 (=   D:7 :}

Annotations:
D:10 Erolcha, Gastronok


Innate Abilities, Weirdness & Mutations

You can breathe wild blasts of lightning.
Your glossy black scales are hard (AC +7).
Your body does not fit into most forms of armour.
You are resistant to electric shocks.
You are cold-blooded and may be slowed by cold attacks.


Message History

Casting: Shock
Confirm with . or Enter, or press ? or * to list all spells.
Aiming: Shock
Press: ? - help, Shift-Dir - straight line, f/p - komodo dragon
Aim: a komodo dragon (heavily wounded)
The zap hits the komodo dragon.
The komodo dragon is heavily wounded.
You have got your breath back.
The komodo dragon bites you!!
Casting: Shock
Confirm with . or Enter, or press ? or * to list all spells.
Aiming: Shock
Press: ? - help, Shift-Dir - straight line, f/p - komodo dragon
Aim: a komodo dragon (heavily wounded)
The zap hits the komodo dragon.
The komodo dragon appears unharmed.
The komodo dragon is heavily wounded.
The komodo dragon bites you!
* * * LOW HITPOINT WARNING * * *
The komodo dragon bites you!
You die...

### #######
#####P#######.P##.#
#.@l...............
#.............###..
#..###P#..##..#....
#..# ###.#....#....
#..# #.....#......
#..# ##.P..#......
#..# P.+....#....
#... ..#..#.###.#
#.# ....


You could see a komodo dragon.

Vanquished Creatures
  Urug (D:10)
  A hill giant (D:10)
  A cyclops (D:10)
  Joseph (D:10)
  A gargoyle (D:10)
  Grinder (D:5)
  A two-headed ogre (D:9)
  A wraith (D:6)
  5 yaks (D:10)
  A wyvern (D:8)
  2 hungry ghosts
  Edmund (D:5)
  5 orc warriors
  Duvessa (D:6)
  A sky beast (D:10)
  9 ogres
  2 ice beasts
  3 phantoms
  5 centaurs
  Blork the orc (D:4)
  3 giant frogs
  A wyvern zombie (D:8)
  Dowan (D:6)
  10 killer bees
  4 scorpions
  A crimson imp (D:9)
  A centaur zombie (D:9)
  A quasit (D:6)
  A giant frog skeleton (D:7)
  A jelly (D:5)
  5 orc priests
  12 worker ants
  Crazy Yiuf (D:2)
  A centaur skeleton (D:7)
  4 hounds
  5 orc wizards
  An iguana (D:5)
  A killer bee zombie (D:8)
  A hound skeleton (D:8)
  A worker ant zombie (D:5)
  13 gnolls
  10 adders
  2 shadow imps
  2 oozes
  4 worms
  4 giant geckos
  27 orcs
  A ball python (D:1)
  8 bats
  5 giant cockroaches
  4 goblins (D:1)
  6 hobgoblins
  2 jackals (D:5)
  10 kobolds
  5 quokkas
  6 giant newts
  6 rats
  A fungus (D:9)
216 creatures vanquished.

Notes
Turn   | Place    | Note
--------------------------------------------------------------
     0 | D:1      | Jerry the Draconian Air Elementalist began the quest for the Orb.
     0 | D:1      | Reached XP level 1. HP: 14/14 MP: 3/3
   211 | D:1      | Reached XP level 2. HP: 7/20 MP: 5/5
   831 | D:2      | Reached XP level 3. HP: 22/26 MP: 0/7
   844 | D:2      | Found a snail-covered altar of Cheibriados.
   970 | D:2      | Reached XP level 4. HP: 19/33 MP: 0/8
  1173 | D:2      | Found a bloodstained altar of Trog.
  1224 | D:2      | Noticed Crazy Yiuf
  1227 | D:2      | Killed Crazy Yiuf
  1640 | D:2      | Reached XP level 5. HP: 38/38 MP: 4/10
  1745 | D:2      | Found a burning altar of Makhleb.
  1922 | D:3      | Learned a level 5 spell: Lightning Bolt
  1925 | D:3      | Learned a level 2 spell: Swiftness
  2341 | D:3      | Reached skill level 4 in Conjurations
  2784 | D:4      | Found a blossoming altar of Fedhas.
  2844 | D:4      | Noticed an ogre
  2935 | D:3      | Reached XP level 6. HP: 30/45 MP: 8/12
  3110 | D:4      | Noticed an ogre
  3353 | D:4      | Noticed an ogre
  3378 | D:4      | Killed an ogre
  3378 | D:4      | Reached skill level 5 in Conjurations
  3585 | D:4      | Noticed a phantom
  3601 | D:4      | Killed a phantom
  3601 | D:4      | Reached skill level 5 in Air Magic
  3601 | D:4      | Your scales start taking on a glossy black colour.
  3601 | D:4      | Gained mutation: You are resistant to electric shocks. [Black Draconian growth]
  3601 | D:4      | Reached XP level 7. HP: 30/50 MP: 5/13
  3898 | D:4      | Reached skill level 6 in Air Magic
  4127 | D:4      | Killed an ogre
  4272 | D:4      | Noticed Blork the orc
  4298 | D:4      | Killed Blork the orc
  4349 | D:4      | Killed an ogre
  4349 | D:4      | Reached skill level 7 in Air Magic
  4525 | D:4      | Found a staircase to the Ecumenical Temple.
  4592 | D:5      | Entered Level 5 of the Dungeon
  4598 | D:5      | Reached XP level 8. HP: 15/57 MP: 8/14
  4963 | D:5      | Found Wovvufe's Jewellery Shoppe.
  4975 | D:5      | Found Ihethac's Antique Weapon Emporium.
  4989 | D:5      | Found a white marble altar of Elyvilon.
  5070 | D:5      | Found a glowing golden altar of the Shining One.
  5289 | D:5      | Noticed Grinder
  5295 | D:5      | Paralysed by Grinder for 7 turns
  5305 | D:5      | Killed Grinder
  5305 | D:5      | Reached skill level 8 in Air Magic
  5371 | D:5      | Noticed Edmund
  5385 | D:5      | Killed Edmund
  5883 | D:4      | Reached skill level 9 in Air Magic
  5892 | Temple   | Entered the Ecumenical Temple
  5979 | Temple   | Became a worshipper of Vehumet
  6037 | D:6      | Found a glowing silver altar of Zin.
  6266 | D:6      | Reached XP level 9. HP: 58/62 MP: 11/15
  6816 | D:6      | Learned a level 2 spell: Repel Missiles
  6849 | D:6      | Found an opulent altar of Gozag.
  7001 | D:6      | Noticed Duvessa
  7003 | D:6      | Noticed Dowan
  7016 | D:6      | Killed Duvessa
  7016 | D:6      | Reached skill level 10 in Air Magic
  7029 | D:6      | Killed Dowan
  7498 | D:7      | You fall through a shaft for 2 floors!
  7559 | D:10     | Entered Level 10 of the Dungeon
  7563 | D:10     | Noticed a gargoyle
  7565 | D:10     | Noticed Urug
  7571 | D:10     | Noticed a hill giant
  7759 | D:10     | Noticed Erolcha
  7922 | D:7      | Found Unoxumy's Gadget Boutique.
  8147 | D:7      | Found Raus's Book Boutique.
  8715 | D:7      | Reached skill level 1 in Shields
  9041 | D:7      | Found a stormy altar of Qazlal.
  9044 | D:7      | Found an iron altar of Okawaru.
  9049 | D:7      | Found a shattered altar of Ashenzari.
  9400 | D:8      | Reached skill level 5 in Shields
  9517 | D:8      | Reached * piety under Vehumet
  9517 | D:8      | Offered knowledge of Freeze by Vehumet.
  9794 | D:8      | Reached XP level 10. HP: 57/69 MP: 4/16
  9955 | D:8      | Found a shimmering altar of Xom.
 10377 | D:8      | Found a sparkling altar of Nemelex Xobeh.
 10559 | D:9      | Found a staircase to the Lair.
 10589 | Lair:1   | Entered Level 1 of the Lair of Beasts
 10925 | D:9      | Found a sparkling altar of Nemelex Xobeh.
 10997 | D:9      | Found a basalt altar of Yredelemnul.
 11197 | D:9      | Found a staircase to the Orcish Mines.
 11484 | D:9      | Found a roughly hewn altar of Beogh.
 11745 | D:10     | Reached ** piety under Vehumet
 11829 | D:10     | Noticed Gastronok
 12067 | D:10     | Noticed Joseph
 12086 | D:10     | Killed Joseph
 12086 | D:10     | Reached skill level 5 in Spellcasting
 12225 | D:10     | Killed Urug
 12228 | D:10     | Got a transparent shield
 12241 | D:10     | Identified the +5 shield of Cocytus {MR- Str+6 Int+2} (You took it off Urug on level 10 of the Dungeon)
 12427 | D:10     | Offered knowledge of Throw Flame by Vehumet.
 12526 | D:9      | Learned a level 2 spell: Throw Flame
 12598 | D:10     | Killed a gargoyle
 12598 | D:10     | Reached skill level 1 in Fire Magic
 12915 | D:10     | Noticed a cyclops
 12980 | D:10     | Killed a cyclops
 13218 | D:10     | Reached XP level 11. HP: 74/74 MP: 4/20
 13358 | D:10     | Killed a hill giant
 13691 | Lair:1   | Slain by a komodo dragon

Action                   |  1- 3 |  4- 6 |  7- 9 | 10-12 || total
-------------------------+-------+-------+-------+-------++-------
Melee: Dagger            |    52 |    38 |    22 |       ||   112
       Flail             |       |       |    26 |    56 ||    82
 Cast: Shock             |    18 |   152 |   327 |   225 ||   722
       Swiftness         |       |     2 |     8 |     3 ||    13
       Lightning Bolt    |       |       |     3 |     3 ||     6
       Throw Flame       |       |       |       |    19 ||    19
 Abil: Breathe Lightning |       |       |       |     5 ||     5
Evoke: Wand              |       |       |     5 |       ||     5
  Use: Scroll            |       |     7 |    12 |       ||    19
       Potion            |       |       |     7 |       ||     7
 Stab: Sleeping          |     2 |       |       |     1 ||     3
  Eat: Chunk             |       |     8 |    17 |    12 ||    37
       Fruit             |       |       |     5 |     4 ||     9
